 Dungeon Crawl Stone Soup version 0.28-a0-479-g5baa6b73be (webtiles) character file.

Game seed: 3154948669229025101

1239 Conn the Sneak (level 8, -10/48 HPs)
             Began as an Octopode Fire Elementalist on Sept 19, 2021.
             Was a Follower of Sif Muna.
             Killed by an exploding Blork the orc (40 damage)
             ... ignited by their inner flame
             ... on level 6 of the Dungeon.
             The game lasted 00:13:31 (6728 turns).

Conn the Sneak (Octopode Fire Elementalist)         Turns: 6728, Time: 00:13:31

Health: -10/48     AC:  3    Str: 13    XL:     8   Next: 49%
Magic:  8/15       EV: 14    Int: 19    God:    Sif Muna [*.....]
Gold:   326        SH:  0    Dex: 13    Spells: 9/16 levels left

rFire   . . .      SeeInvis .   u - +1 falchion (vorpal)
rCold   . . .      Faith    .   (no shield)
rNeg    . . .      Spirit   .   s - +2 hat
rPois   .          Reflect  .   (no amulet)
rElec   .          Harm     .   m - +6 ring of strength
rCorr   .          Rampage  .   (no ring)
Will    .....                   (no ring)
Stlth   ++++......              (no ring)
HPRegen 0.16/turn               (no ring)
MPRegen 0.14/turn               (no ring)
                                (no ring)
                                (no ring)

@: no status effects
A: almost no armour, amphibious, 8 rings, camouflage 1, gelatinous body 1,
(nimble swimmer 1), tentacles, inhibited regeneration
a: Renounce Religion, Channel Magic


You were on level 6 of the Dungeon.
You worshipped Sif Muna.
Sif Muna was aware of your devotion.
You visited 2 branches of the dungeon, and saw 7 of its levels.

You collected 326 gold pieces.

Inventory:

Hand Weapons
 c - a +0 dagger
 u - a +1 vorpal falchion (weapon)
Missiles
 b - 25 sling bullets
 h - 29 poisoned darts
Armour
 s - a +2 hat (worn)
Jewellery
 l - a ring of ice
 m - a +6 ring of strength (left tentacle)
Wands
 p - a wand of polymorph (4)
 t - a wand of acid (10)
Scrolls
 d - 4 scrolls of enchant armour
 g - a scroll of noise {unknown}
 i - a scroll of fog {unknown}
 k - a scroll of immolation
 r - 3 scrolls of fear {unknown}
Potions
 a - a potion of curing
 e - 2 potions of flight
 f - a potion of berserk rage
 j - a potion of brilliance
 n - 5 potions of heal wounds {unknown}
 q - 3 potions of attraction
 v - a potion of lignification {unknown}


   Skills:
 + Level 1.6 Fighting
 + Level 1.3 Short Blades
 + Level 3.4 Dodging
 + Level 5.5 Stealth
 + Level 0.2 Unarmed Combat
 + Level 4.9 Spellcasting
 + Level 4.5 Conjurations
 + Level 1.5 Hexes
 + Level 5.4 Fire Magic
 + Level 0.5 Evocations


You had 9 spell levels left.
You knew the following spells:

 Your Spells              Type           Power      Damage    Failure   Level
a - Foxfire               Conj/Fire      92%        2x1d8     1%          1
b - Conjure Flame         Conj/Fire      23%        6-21      4%          3
c - Inner Flame           Hex/Fire       17%        N/A       9%          3

Your spell library contained the following spells:

 Spells                   Type           Power      Damage    Failure   Level
 Scorch                   Fire           50%        2d8       1%          2
 Sandblast                Erth           8%         2d5       13%         1
 Ensorcelled Hibernation  Hex/Ice        14%        N/A       14%         2
 Stone Arrow              Conj/Erth      26%        3d8       14%         3
 Flame Wave               Conj/Fire      23%        3d6       16%         4
 Passwall                 Tmut/Erth      3%         N/A       19%         2
 Spider Form              Tmut/Pois      2%         N/A       36%         3


Dungeon Overview and Level Annotations

Branches:
Dungeon (6/15)             Temple (1/1) D:4

Altars:
Cheibriados
Gozag
Hepliaklqana
Kikubaaqudgha
Makhleb
Nemelex Xobeh
Okawaru
Qazlal
Ru
Sif Muna
Uskayaw
Vehumet
Wu Jian
Yredelemnul
The Shining One

Shops:
D:3 (

Annotations:
D:4 Pikel


Innate Abilities, Weirdness & Mutations

You cannot wear most types of armour.
You are amphibious.
You can wear up to eight rings at the same time.
Your skin changes colour to match your surroundings (Stealth+).
Your rubbery body absorbs attacks. (AC +1, EV +1)
((You are camouflaged near water. (Stealth+)))
You have tentacles for arms and can constrict up to eight enemies at once.
You do not regenerate when monsters are visible.


Message History

Aim: Blork the orc, wielding a +0 battleaxe and wearing a +0 robe (chance to affect: 73%) Blork the orc is filled with an inner flame.
Casting: Inner Flame (dangerous; 9% risk of failure)
Confirm with . or Enter, or press ? or * to list all spells.
You conjure some foxfire!
Blork the orc mumbles some strange words.
Blork the orc seems to speed up.
Something shouts, "Turn tail, thou unctious earth-vexing apple-john!"
Unknown command.
You hear a shout!
The foxfire hits Blork the orc.
Flame seeps out of Blork the orc.
Blork the orc is lightly wounded.
The foxfire hits Blork the orc!
Flame seeps out of Blork the orc.
Blork the orc is moderately wounded.
Blork the orc is engulfed in blazing flames.
Flame seeps out of Blork the orc.
Blork the orc looks braver for a moment.
Casting: Foxfire (safe; 1% risk of failure)
Confirm with . or Enter, or press ? or * to list all spells.
You conjure some foxfire!
Blork the orc is engulfed in blazing flames.
Flame seeps out of Blork the orc.
Blork the orc drinks a potion.
Blork the orc is healed!
Unknown command.
Your foxfire dissipates!
The foxfire hits Blork the orc.
Flame seeps out of Blork the orc.
Blork the orc is heavily wounded.
Okay, then.
You closely miss Blork the orc. You grab Blork the orc.
Blork the orc is heavily wounded.
You constrict Blork the orc.
Flame seeps out of Blork the orc.
Blork the orc is engulfed in blazing flames.
Flame seeps out of Blork the orc.
Blork the orc hits you with a +0 battleaxe!!
Blork the orc is engulfed in blazing flames.
Sif Muna accepts your kill.
Blork the orc explodes!
The fiery explosion engulfs you!!!
Ouch! That really hurt!
You die...

#.# ##....o #.#
#..... #.#
#.... #.#
#.#.#####>5
#.###.#........
#.....>..#
#§###.#.## #○#
#.#.# #@# #.#.#
#.# #.#.# #.#
#.#.##########
#.#
#.#...........
#..
#.############
##. # . # .# #
#


There were no monsters in sight!

Vanquished Creatures
  Sigmund (D:5)
  An ice beast (D:6)
  2 ogres
  A phantom (D:6)
  A lemure (D:3)
  Blork the orc (D:6)
  4 scorpions
  2 bullfrogs (D:6)
  A bullfrog zombie (D:5)
  2 hounds (D:4)
  An orc priest (D:6)
  A jelly (D:5)
  A bullfrog skeleton (D:5)
  An iguana (D:5)
  Ijyb (D:4)
  An orc wizard (D:5)
  A hound skeleton (D:5)
  2 adders
  2 worms (D:2)
  2 dart slugs
  10 orcs
  6 endoplasms
  5 giant cockroaches (D:4)
  6 goblins
  8 hobgoblins
  5 jackals
  3 quokkas
  4 ball pythons
  8 bats
  3 frilled lizards
  4 kobolds
  4 rats
  A toadstool (D:2)
96 creatures vanquished.

Vanquished Creatures (collateral kills)
  2 foxfires (D:2)
2 creatures vanquished.

Vanquished Creatures (others)
  331 foxfires
  8 fungi (D:2)
  5 toadstools (D:2)
344 creatures vanquished.

Grand Total: 442 creatures vanquished

Notes
Turn   | Place    | Note
-------+----------+-------------------------------------------
     0 | D:1      | Conn the Octopode Fire Elementalist began the quest for the
                  | Orb.
     0 | D:1      | Reached XP level 1. HP: 11/11 MP: 3/3
   160 | D:1      | Reached XP level 2. HP: 16/17 MP: 1/5
  1132 | D:1      | Reached XP level 3. HP: 21/21 MP: 6/6
  1136 | D:1      | Learned a level 3 spell: Conjure Flame
  2681 | D:3      | Reached XP level 4. HP: 27/27 MP: 7/7
  2946 | D:3      | Found Cetiaty's Weapon Emporium.
  3084 | D:3      | Learned a level 3 spell: Inner Flame
  3185 | D:3      | Found a shimmering blue altar of Sif Muna.
  3197 | D:3      | Became a worshipper of Sif Muna the Loreminder
  3294 | D:3      | Found an opulent altar of Gozag.
  3525 | D:4      | Noticed a lemure
  3529 | D:4      | Noticed a lemure
  3530 | D:4      | Noticed a lemure
  3530 | D:4      | Noticed Pikel
  3532 | D:4      | Noticed a lemure
  3787 | D:4      | Noticed Ijyb
  3798 | D:4      | Killed Ijyb
  3799 | D:4      | Reached XP level 5. HP: 23/32 MP: 0/8
  4086 | D:4      | Found a staircase to the Ecumenical Temple.
  4091 | Temple   | Entered the Ecumenical Temple
  4449 | D:3      | Killed a lemure
  4787 | D:5      | Entered Level 5 of the Dungeon
  4793 | D:5      | Found a radiant altar of Vehumet.
  4800 | D:5      | Reached skill level 1 in Fighting
  4838 | D:5      | Reached XP level 6. HP: 38/38 MP: 3/10
  5129 | D:5      | Reached skill level 5 in Stealth
  5147 | D:5      | Noticed Sigmund
  5163 | D:6      | Reached skill level 1 in Short Blades
  5163 | D:6      | Reached XP level 7. HP: 16/43 MP: 9/12
  5174 | D:6      | Found an ornate altar of the Wu Jian Council.
  5389 | D:6      | Gained mutation: You are occasionally teleported next to
                  | monsters. [potion of mutation]
  5394 | D:6      | Reached skill level 1 in Hexes
  5748 | D:6      | Reached skill level 5 in Fire Magic
  5748 | D:6      | Reached XP level 8. HP: 25/48 MP: 6/14
  5771 | D:6      | Reached * piety under Sif Muna
  6027 | D:5      | Found a sacrificial altar of Ru.
  6289 | D:5      | Killed Sigmund
  6542 | D:5      | Lost mutation: You are occasionally teleported next to
                  | monsters. [potion of mutation]
  6542 | D:5      | Gained mutation: You do not regenerate when monsters are
                  | visible. [potion of mutation]
  6715 | D:6      | Noticed Blork the orc
  6728 | D:6      | Killed Blork the orc
  6728 | D:6      | Killed by an exploding Blork the orc... ignited by their
                  | inner flame

Illustrated notes

Levels and vault maps discovered:
D:1:      lordsloth_arrival_two_stooges, layout_basic
D:2:      layout_loops_ring, minmay_gold_behind_fungi
D:3:      kennysheep_big_flooded_room, layout_loops_ring,
          mainiacjoe_overflow_alcove_1, nicolae_sif_muna_condensation,
          serial_shops, shop, kennysheep_generic_room_4
D:4:      layout_cave_pods, temple_doors_e, minmay_liquid_box, uniq_ijyb,
          uniq_pikel
D:5:      layout_rooms, vehumet_crystals, mainiacjoe_overflow_surrounded_room,
          st_stairs_13, palyth_stone_intersect, uniq_sigmund
D:6:      layout_loops_ring, nicolae_wu_jian_wuxing_cycle, zin_scriptorium,
          evilmike_ruin_ashenzari, uniq_blork_the_orc, uniq_maggie
Temple:   eino_wide_crystal_templ

Skill      XL: |  1  2  3  4  5  6  7  8 |
---------------+-------------------------+-----
Stealth        | 3 4 5 |  5.5
Conjurations   | 2 3 4 |  4.5
Fighting       | 1 |  1.6
Fire Magic     | 4 5 |  5.4
Spellcasting   | 3 4 |  4.9
Dodging        | 3 |  3.4
Short Blades   | 1 |  1.3
Hexes          | 1 |  1.5
Unarmed Combat | |  0.2
Evocations     | |  0.5

Action                   |  1- 3 |  4- 6 |  7- 9 || total
-------------------------+-------+-------+-------++-------
Melee: Unarmed           |     7 |       |       ||     7
       Tentacles         |     5 |     9 |       ||    14
       Constrict         |    13 |     9 |     3 ||    25
       Dagger            |    29 |    34 |     1 ||    64
       Falchion          |       |       |     4 ||     4
 Cast: Foxfire           |    58 |    63 |    72 ||   193
       Inner Flame       |       |     5 |     7 ||    12
       Conjure Flame     |       |     1 |     1 ||     2
Evoke: Wand              |       |     1 |     1 ||     2
  Use: Potion            |       |     3 |     2 ||     5
       Scroll            |       |       |     5 ||     5
 Stab: Sleeping          |     5 |     6 |       ||    11
Armor: Skin              |     5 |       |     2 ||     7
Dodge: Dodged            |    22 |    24 |    14 ||    60

Table legend: (Time is in decaauts)
 A = Elapsed time spent in this place.
 B = Non-inter-level travel time spent in this place.
 C = Inter-level travel time spent in this place.
 D = Time resting spent in this place.
 E = Time spent auto-exploring this place.
 F = Levels seen in this place.
 G = Mean time per level.
                   A        B        C        D        E       F      G
               +--------+--------+--------+--------+--------+-----+--------+
         Total |   6729 |   6617 |    112 |    817 |   4217 |   7 |  961.3 |
       Dungeon |   6676 |   6573 |    103 |    817 |   4183 |   6 | 1112.7 |
        Temple |     52 |     43 |      9 |      0 |     34 |   1 |   52.0 |
               +--------+--------+--------+--------+--------+-----+--------+

Top non-repeatable levels by time:
     D:2: 1431 daAuts
     D:1: 1247 daAuts
     D:3: 1066 daAuts
     D:5: 1005 daAuts
     D:4: 990 daAuts
     D:6: 936 daAuts
  Temple: 52 daAuts
